 Dungeon Crawl Stone Soup version 0.30-a0-924-g0ad0bf95bc (webtiles) character file.

Game seed: 15272342015590784059

132612 DavidChitty2 the Warrior (level 16, 0/157 HPs)
             Began as a Minotaur Fighter on Mar 16, 2023.
             Was the Champion of Okawaru.
             Blown up by an orb spider (39 damage)
             ... with an orb of destruction
             ... led by a torpor snail
             ... on level 4 of the Spider Nest on Mar 22, 2023.
             The game lasted 00:41:20 (28028 turns).

DavidChitty2 the Warrior (Minotaur Fighter)        Turns: 28028, Time: 00:41:21

Health: 0/157      AC: 41    Str: 31    XL:     16   Next: 58%
Magic:  24/24      EV: 10    Int:  7    God:    Okawaru [******]
Gold:   1438       SH: 22    Dex: 17    Spells: 15/15 levels left

rFire   + . .      SeeInvis +    a - +10 morningstar of the Grim God {freeze, Will+}
rCold   + . .      Faith    +    H - +0 tower shield
rNeg    . . .      Spirit   .    s - +1 crystal plate armour
rPois   +          Reflect  .    C - +2 hat
rElec   .          Rampage  .    S - +2 cloak of Optimism {+Blink Fly rC+ Int+2}
rCorr   .                        c - +2 pair of gloves "Ketzuc" {rPois Slay+4}
Will    +++..                    M - +2 pair of boots {Stlth+} Stlth
                                 R - amulet of the Narrow Banana {Faith rPois Will+ Dex+3}
HPRegen 0.46/turn                N - ring of the Octopus King {rF+ HP+2 AC+2 EV+2 SH+2, =R}
MPRegen 0.19/turn                r - ring "Peob" {Str+3 Dex+3 SInv}

@: flying
A: horns 2, retaliatory headbutt
a: Renounce Religion, Evoke Blink, Heroism, Finesse, Duel


You were on level 4 of the Spider Nest.
You worshipped Okawaru.
Okawaru was exalted by your worship.
You visited 5 branches of the dungeon, and saw 27 of its levels.
You also visited: Bailey and Volcano.

You collected 2781 gold pieces.
You spent 1343 gold pieces at shops.

Inventory:

Hand Weapons
 a - the +10 morningstar of the Grim God (weapon) {freeze, Will+}
   (You found it on level 3 of the Dungeon)

   Will:      It increases your willpower.
 b - the +8 demon whip of the Howling One {drain, rF+ Dex+7}
   (Okawaru gifted it to you on level 1 of the Lair of Beasts)

   Dex:       It affects your dexterity (+7).
   rF:        It protects you from fire.
 F - a +0 vampiric eveningstar
   (You took it off Louise in the Arena)
Missiles
 n - 4 throwing nets (quivered) {!f}
Armour
 c - the +2 pair of gloves "Ketzuc" (worn) {rPois Slay+4}
   (Okawaru gifted it to you on level 2 of the Spider Nest)

   Slay:      It affects your accuracy & damage with ranged weapons and melee
   (+4).
   rPois:     It protects you from poison.
 s - a +1 crystal plate armour (worn)
   (You took it off a gnoll sergeant in a bailey)
 C - a +2 hat (worn)
   (You took it off Gastronok on level 8 of the Dungeon)
 H - a +0 tower shield (worn)
   (You took it off Louise in the Arena)
 M - a +2 pair of boots of stealth (worn)
   (Okawaru gifted it to you on level 1 of the Orcish Mines)
 S - the +2 cloak of Optimism (worn) {+Blink Fly rC+ Int+2}
   (Okawaru gifted it to you on level 5 of the Lair of Beasts)

   Int:       It affects your intelligence (+2).
   rC:        It protects you from cold.
   Fly:       It grants you flight.
   +Blink:    It lets you blink.
Jewellery
 r - the ring "Peob" (right hand) {Str+3 Dex+3 SInv}
   (You bought it in a shop on level 8 of the Dungeon)

   [ring of see invisible]

   Str:       It affects your strength (+3).
   Dex:       It affects your dexterity (+3).
   SInv:      It lets you see invisible.
 I - a ring of ice
   (You found it on level 15 of the Dungeon)
 N - a ring of the Octopus King (left hand) {rF+ HP+2 AC+2 EV+2 SH+2, =R}
   (You bought it in a shop on level 8 of the Dungeon)

   [ring of protection from fire]

   AC:        It affects your AC (+2).
   EV:        It affects your evasion (+2).
   rF:        It protects you from fire.
   HP:        It affects your health (+2).
   SH:        It affects your SH (+2).
 R - the amulet of the Narrow Banana (around neck) {Faith rPois Will+ Dex+3}
   (You took it off a gnoll bouda on level 2 of the Orcish Mines)

   [amulet of faith]

   It allows you to gain divine favour quickly.
   Dex:       It affects your dexterity (+3).
   rPois:     It protects you from poison.
   Will:      It increases your willpower.
Wands
 o - a wand of charming (28)
   (You found it on level 3 of the Dungeon)
 t - a wand of flame (38)
   (You found it on level 7 of the Dungeon)
 v - a wand of digging (1)
   (You found it on level 5 of the Lair of Beasts)
 J - a wand of quicksilver (1)
   (You found it on level 2 of the Lair of Beasts)
 P - a wand of polymorph (2)
   (You took it off Urug on level 1 of the Orcish Mines)
 V - a wand of mindburst (3)
   (You found it on level 11 of the Dungeon)
Scrolls
 e - a scroll of vulnerability {!r}
 f - 7 scrolls of teleportation {@r4}
 i - 2 scrolls of identify {@r1}
 j - 5 scrolls of poison {!r}
 k - 6 scrolls of enchant armour
 m - 3 scrolls of fog
 p - 4 scrolls of blinking
 z - a scroll of immolation {!r}
 D - 2 scrolls of enchant weapon
 K - 2 scrolls of brand weapon
 O - 2 scrolls of fear
 Q - 4 scrolls of magic mapping
 Y - a scroll of silence
Potions
 d - 5 potions of brilliance
 g - 4 potions of mutation {unknown}
 h - 2 potions of invisibility
 l - 5 potions of lignification {!q}
 u - 4 potions of flight
 w - 8 potions of curing {@q1}
 x - a potion of magic
 A - a potion of haste {@q3}
 B - 5 potions of heal wounds {@q2}
 E - 2 potions of ambrosia
 G - a potion of resistance
 L - a potion of might
 T - a potion of experience {unknown}
 U - 3 potions of attraction {!q}
 W - a potion of cancellation


   Skills:
 * Level 17.4 Fighting
 - Level 4.7(11.3) Axes
 - Level 15.7(16.0) Maces & Flails
 * Level 17.3 Armour
 + Level 5.8 Dodging
 + Level 16.1 Shields
 - Level 12.0 Invocations


You had 15 spell levels left.
You didn't know any spells.
Your spell library contained the following spells:

 Spells                   Type           Power      Damage    Failure   Level
 Apportation              Tloc           0%         N/A       100%        1
 Beastly Appendage        Tmut           0%         N/A       100%        1
 Sandblast                Erth           0%         2d4       100%        1
 Passwall                 Tmut/Erth      0%         N/A       100%        2
 Sublimation of Blood     Necr           0%         N/A       100%        2
 Wereblood                Tmut           0%         N/A       100%        2
 Dazzling Flash           Conj/Hex       0%         N/A       100%        3
 Kindle Blastsparks       Fire/Tloc/Air  0%         2d10      100%        3
 Spider Form              Tmut/Pois      0%         N/A       100%        3
 Stone Arrow              Conj/Erth      0%         3d7       100%        3
 Vhi's Electric Charge    Tloc/Air       0%         N/A       100%        3
 Fulminant Prism          Conj/Hex       0%         3d5       100%        4
 Iskenderun's Mystic Bla  Conj/Tloc      0%         2d3       100%        4
 Olgreb's Toxic Radiance  Pois           0%         N/A       100%        4
 Petrify                  Tmut/Erth      0%         N/A       100%        4
 Agony                    Necr           0%         N/A       100%        5
 Alistair's Intoxication  Tmut/Pois      0%         N/A       100%        5
 Arcjolt                  Conj/Air       0%         1d10      100%        5
 Blade Hands              Tmut           0%         N/A       100%        5
 Irradiate                Conj/Tmut      0%         3d11      100%        5
 Lee's Rapid Deconstruct  Erth           0%         3d4*      100%        5
 Silence                  Hex/Air        0%         N/A       100%        5
 Iron Shot                Conj/Erth      0%         9d1       100%        6
 Ozocubu's Refrigeration  Ice            0%         4d7       100%        7
 Ignition                 Fire           0%         3d3       100%        8
 Maxwell's Capacitive Co  Air            0%         ∞         100%        8
 Animate Armour           Summ/Erth      Unusable   N/A       N/A         4

Dungeon Overview and Level Annotations

Branches:
Dungeon (15/15)            Temple (1/1) D:6            Lair (5/5) D:8
 Shoals (0/4) Lair:2       Spider (4/4) Lair:3        Slime (0/5) Lair:4
    Orc (2/2) D:10            Elf (0/3) Orc:2        Vaults (0/5) D:13
 Depths (0/4) D:15         Bailey (visited)         Volcano (visited)

Altars:
Ashenzari
Cheibriados
Dithmenos
Elyvilon
Fedhas
Gozag
Hepliaklqana
Kikubaaqudgha
Makhleb
Nemelex Xobeh
Okawaru
Qazlal
Ru
Sif Muna
Trog
Uskayaw
Vehumet
Wu Jian
Xom
Yredelemnul
Zin
The Shining One
Lugonu

Shops:
D:2 [   D:5 :   D:8 =   Orc:2 *!:*

Portals:
Abyss: Lair:5

Annotations:
D:14 3 runed translucent doors, Sauxt's ghost, journeyman GrEE
Lair:2 2 runed translucent doors, funkygono's ghost, journeyman MiFi


Innate Abilities, Weirdness & Mutations

You have a pair of horns on your head.
You reflexively headbutt those who attack you in melee.


Message History

You block the jumping spider's attack. x2
You puncture the jumping spider! You freeze the jumping spider.
You block the jumping spider's attack. x3
The jumping spider bites you but does no damage.
You sock the jumping spider! You freeze the jumping spider.
You block the jumping spider's attack. x2
The orb spider weaves a glowing orb of energy.
The jumping spider barely misses you. You furiously retaliate!
You headbutt the jumping spider.
The jumping spider bites you but does no damage.
An orb of destruction comes into view.
You impale the jumping spider!! You freeze the jumping spider.
You kill the jumping spider!
Okawaru accepts your kill. You block the jumping spider's attack.
The jumping spider bites you.
You barely miss the jumping spider.
Your headbutt misses the jumping spider.
You block the jumping spider's attack. x2; The orb of destruction hits you!!!
* * * LOW HITPOINT WARNING * * *
The orb spider spins a strand of pure energy.
The jumping spider pounces on you but does no damage.
You block the jumping spider's attack. You block the jumping spider's attack.
The jumping spider bites you but does no damage.
The jumping spider pounces on you but does no damage.
You block the jumping spider's attack.
The jumping spider leaps!
The orb spider weaves a glowing orb of energy.
An orb of destruction comes into view.
The orb spider spins a strand of pure energy.
You puncture the jumping spider! You freeze the jumping spider.
You headbutt the jumping spider!
A jorogumo comes into view.
You block the jumping spider's attack. x2
You barely miss the jumping spider.
The jorogumo shouts!
The orb of destruction hits you!!
* * * LOW HITPOINT WARNING * * *
You block the jumping spider's attack. x2
You hit the jumping spider but do no damage.
Your headbutt misses the jumping spider.
You block the jumping spider's attack. x2
The orb spider weaves a glowing orb of energy.
An orb of destruction comes into view.
Unknown command.
You thump the jumping spider! You freeze the jumping spider.
You kill the jumping spider!
Okawaru accepts your kill.
The orb spider spins a strand of pure energy.
The orb of destruction hits you!!!
You die...

......##^..#.....
...........#....##
..#..........#...
#.............^#
....#..#..#....#..
.....#.....s.....#
^.#......°○^#.#...
.......#°☼○†......
.......@☼.H....^..
.......#....##.##$
........^.^.# #
#############


You could see a jorogumo and an orb spider (charged).

Vanquished Creatures
  Arachne (Arena)
  Gastronok (D:8)
  Louise (Arena)
  2 ghost moths
  2 orc warlords (Orc:2)
  2 broodmothers (Spider:3)
  2 spark wasps
  Snorg (D:14)
  An entropy weaver (Spider:3)
  A fire dragon (Volcano)
  4 hydras
  2 ogre magi (Orc:2)
  A catoblepas (D:15)
  2 centaur warriors (D:14)
  2 radroaches (Spider:2)
  2 dancing weapons (D:13)
  9 two-headed ogres
  7 boulder beetles
  3 tengu warriors
  Urug (Orc:1)
  A hell hog (Volcano)
  3 thrashing horrors (Lair:5)
  2 orc high priests (Orc:2)
  Sonja (Lair:1)
  Nergalle (Lair:1)
  3 skysharks
  A sea snake (shapeshifter) (Lair:5)
  A sun moth (Spider:2)
  3 pharaoh ants
  2 deep trolls (Orc:2)
  Pikel (D:8)
  8 orb spiders
  3 large abominations (Lair:5)
  A deep elf zephyrmancer (D:15)
  4 orc sorcerers
  5 steelbarb worms
  A necromancer (D:15)
  7 orc knights
  A deep elf pyromancer (D:14)
  8 wolf spiders
  10 cyclopes
  17 ugly things
  3 manticores
  4 moths of wrath
  10 elephants (Lair:5)
  2 black mambas
  2 demonic crawlers
  2 naga magi (D:15)
  A torpor snail (Spider:4)
  A smoke demon (Lair:5)
  2 molten gargoyles (Volcano)
  8 cane toads
  A gargoyle (D:13)
  2 yaktaurs (D:15)
  2 centaur skeletons (D:15)
  2 rime drakes (Lair:5)
  2 unseen horrors
  4 tengu conjurers
  An efreet (D:15)
  7 komodo dragons
  2 ancient zymes (Lair:5)
  11 trolls
  3 meliai (Spider:4)
  A troll (shapeshifter) (D:13)
  A wolf spider simulacrum (D:14)
  10 tarantellas
  A raiju (shapeshifter) (Lair:5)
  3 polar bears
  25 blink frogs
  18 slime creatures
  A centaur simulacrum (D:15)
  15 jumping spiders
  A spriggan (Lair:5)
  2 shadows (D:12)
  13 culicivoras
  A wyvern (shapeshifter) (Lair:5)
  2 wraiths (D:12)
  2 vampires
  3 ynoxinuls (Lair:5)
  9 wyverns
  6 fire bats (Volcano)
  4 basilisks
  2 chaos spawn (Lair:5)
  34 yaks
  5 steam dragons
  A redback simulacrum (D:14)
  3 vampire mosquitoes (D:12)
  29 redbacks
  5 wargs
  2 acid dragons
  4 hell hounds
  10 small abominations (Lair:5)
  7 water moccasins
  37 orc warriors
  A hornet zombie (D:15)
  23 ogres
  14 wolves
  7 centaurs
  A lemure (D:8)
  2 kobold brigands
  11 bullfrogs
  9 gnoll sergeants
  2 scorpions
  12 wights
  3 jellies
  3 howler monkeys
  4 crimson imps (D:9)
  6 lava snakes (Volcano)
  22 orc priests
  8 gnoll boudas
  4 hounds
  A boggart zombie (D:15)
  Jessica (D:3)
  Ijyb (D:3)
  Terence (D:3)
  4 iguanas
  21 orc wizards
  6 hell rats (Lair:5)
  33 gnolls
  7 adders
  2 white imps
  3 ufetubi
  2 dart slugs
  3 worms
  92 orcs
  8 endoplasms
  2 giant cockroaches
  3 goblins
  7 hobgoblins
  6 jackals
  17 kobolds
  2 quokkas (D:1)
  5 ball pythons
  2 frilled lizards
  3 rats
824 creatures vanquished.

Vanquished Creatures (others)
  A moth of wrath (Spider:4)
  An orc warrior (D:6)
  An orc wizard (D:6)
  9 fungi
  9 plants
21 creatures vanquished.

Grand Total: 845 creatures vanquished

Notes
Turn   | Place    | Note
-------+----------+-------------------------------------------
     0 | D:1      | DavidChitty2 the Minotaur Fighter began the quest for the
                  | Orb.
     0 | D:1      | Reached XP level 1. HP: 19/19 MP: 0/0
    83 | D:1      | Reached XP level 2. HP: 27/27 MP: 1/1
   792 | D:1      | Found a faded altar of an unknown god.
   887 | D:2      | Found Fiocleeb's Armour Shoppe.
   893 | D:2      | Reached XP level 3. HP: 33/33 MP: 2/2
  1301 | D:2      | Reached XP level 4. HP: 40/40 MP: 3/3
  1702 | D:3      | Noticed Jessica
  1712 | D:3      | Killed Jessica
  2114 | D:3      | Reached XP level 5. HP: 47/47 MP: 4/4
  2196 | D:3      | Identified the +10 morningstar of the Grim God {freeze,
                  | Will+}
  2231 | D:3      | Noticed Terence
  2231 | D:3      | Noticed Ijyb
  2240 | D:3      | Killed Terence
  2245 | D:3      | Killed Ijyb
  2633 | D:4      | Found a sacrificial altar of Ru.
  2647 | D:4      | Reached skill level 1 in Maces & Flails
  2794 | D:4      | Reached XP level 6. HP: 55/55 MP: 5/5
  2932 | D:4      | Reached skill level 5 in Fighting
  2932 | D:4      | Reached skill level 5 in Armour
  2932 | D:4      | Reached skill level 5 in Shields
  3188 | D:5      | Entered Level 5 of the Dungeon
  3364 | D:5      | Reached XP level 7. HP: 58/61 MP: 6/6
  3498 | D:5      | Found Jileruj's Book Shop.
  4036 | D:6      | Noticed a steam dragon
  4045 | D:6      | Killed a steam dragon
  4152 | D:6      | Reached skill level 5 in Maces & Flails
  4187 | D:6      | Found a staircase to the Ecumenical Temple.
  4197 | Temple   | Entered the Ecumenical Temple
  4432 | Temple   | Became a worshipper of Warmaster Okawaru
  4433 | Temple   | Upgraded the game from 0.30-a0-782-ge64f9170bb to
                  | 0.30-a0-924-g0ad0bf95bc
  4512 | D:6      | Noticed a steam dragon
  4524 | D:6      | Reached XP level 8. HP: 54/70 MP: 7/7
  4528 | D:6      | Reached skill level 1 in Invocations
  5305 | D:7      | Found a flagged portal.
  5317 | Bailey   | Entered a bailey
  5435 | Bailey   | Reached * piety under Okawaru
  5758 | Bailey   | HP: 1/73 [gnoll sergeant/+0 glaive (13)]
  5793 | Bailey   | Reached XP level 9. HP: 10/79 MP: 7/10
  6246 | Bailey   | Reached ** piety under Okawaru
  7126 | D:8      | Found a staircase to the Lair.
  7333 | D:8      | Noticed Pikel
  7341 | D:8      | Killed Pikel
  7400 | D:8      | Reached XP level 10. HP: 88/88 MP: 12/12
  7460 | D:8      | Found Goegeceo's Jewellery Boutique.
  7547 | D:8      | Noticed Gastronok
  7559 | D:8      | Killed Gastronok
  7560 | D:8      | Reached skill level 10 in Maces & Flails
  7934 | D:9      | Reached skill level 5 in Invocations
  7934 | D:9      | Reached *** piety under Okawaru
  8059 | D:9      | Found a stormy altar of Qazlal.
  8476 | D:9      | Found a shimmering altar of Xom.
  8563 | D:9      | Reached **** piety under Okawaru
  8745 | D:10     | Entered Level 10 of the Dungeon
  8856 | D:10     | Reached XP level 11. HP: 89/97 MP: 14/14
  8956 | D:10     | Reached ***** piety under Okawaru
  9101 | D:10     | Found a staircase to the Orcish Mines.
  9673 | D:11     | Noticed a two-headed ogre
  9690 | D:11     | Killed a two-headed ogre
  9802 | Lair:1   | Entered Level 1 of the Lair of Beasts
  9802 | Lair:1   | Noticed Sonja
  9808 | Lair:1   | Killed Sonja
 10249 | Lair:1   | Reached skill level 10 in Shields
 10397 | Lair:1   | Noticed Nergalle
 10410 | Lair:1   | Killed Nergalle
 10411 | Lair:1   | Reached skill level 10 in Fighting
 10411 | Lair:1   | Reached skill level 10 in Armour
 10553 | Lair:1   | Identified the +8 demon whip of the Howling One {drain, rF+
                  | Dex+7} (Okawaru gifted it to you on level 1 of the Lair of
                  | Beasts)
 10553 | Lair:1   | Received a gift from Okawaru
 10936 | Lair:2   | Found a large runed translucent door.
 10937 | Lair:2   | Found a large runed translucent door.
 10937 | Lair:2   | Noticed a skyshark
 10945 | Lair:2   | Killed a skyshark
 10968 | Lair:2   | Found a dark tunnel.
 10984 | Volcano  | Entered a volcano
 11530 | Volcano  | Found a burning altar of Makhleb.
 11530 | Volcano  | Noticed a hell hog
 11554 | Volcano  | Killed a hell hog
 11555 | Volcano  | Reached XP level 12. HP: 70/107 MP: 9/16
 11658 | Volcano  | Noticed a fire dragon
 11667 | Volcano  | Killed a fire dragon
 11989 | Lair:2   | Noticed funkygono's ghost (journeyman MiFi)
 12124 | Lair:2   | Noticed a five-headed hydra
 12131 | Lair:2   | Killed a five-headed hydra
 12263 | Lair:2   | Identified the +0 cloak of the Swamp {Str+4 Int+2 Stlth-}
                  | (Okawaru gifted it to you on level 2 of the Lair of Beasts)
 12263 | Lair:2   | Received a gift from Okawaru
 12296 | Lair:2   | Found a staircase to the Shoals.
 12463 | Lair:2   | Noticed a boulder beetle
 12470 | Lair:2   | Killed a boulder beetle
 12493 | Lair:2   | Noticed a boulder beetle
 12504 | Lair:2   | Killed a boulder beetle
 13327 | Lair:3   | Found an ornate altar of the Wu Jian Council.
 13329 | Lair:3   | Noticed a boulder beetle
 13330 | Lair:3   | Found a hide-covered altar of Uskayaw.
 13337 | Lair:3   | Killed a boulder beetle
 13511 | D:8      | Bought a ring of the Octopus King {rF+ HP+2 AC+2 EV+2 SH+2}
                  | for 859 gold pieces
 13511 | D:8      | Found the ring of the Octopus King {rF+ HP+2 AC+2 EV+2
                  | SH+2}
 13831 | Lair:3   | Noticed a seven-headed hydra
 13838 | Lair:3   | Killed a seven-headed hydra
 14032 | Lair:3   | Found a hole to the Spider Nest.
 14537 | Lair:4   | Found a staircase to the Slime Pits.
 14863 | Lair:4   | Reached XP level 13. HP: 106/116 MP: 18/18
 14929 | Lair:4   | Identified the +5 ring mail of Dozxukon {rC- Will+ Dex+3}
 15086 | Lair:4   | Reached skill level 15 in Maces & Flails
 15285 | Lair:5   | Entered Level 5 of the Lair of Beasts
 15410 | Lair:5   | Received a gift from Okawaru
 15722 | Lair:5   | Received a gift from Okawaru
 15775 | Lair:5   | Reached ****** piety under Okawaru
 16104 | Lair:5   | Found the +10 dark maul {heavy}
 16393 | Lair:5   | Identified the +2 cloak of Optimism {+Blink Fly rC+ Int+2}
                  | (Okawaru gifted it to you on level 5 of the Lair of Beasts)
 16393 | Lair:5   | Received a gift from Okawaru
 16465 | Lair:5   | Found a corrupted altar of Lugonu.
 16465 | Lair:5   | Found a one-way gate to the infinite horrors of the Abyss.
 16470 | Lair:5   | Identified the staff of poison "Famanis" {rPois SInv
                  | Stlth+}
 16851 | Lair:5   | Reached XP level 14. HP: 125/129 MP: 20/20
 17474 | D:11     | Reached skill level 10 in Invocations
 18614 | D:12     | Identified the +2 chain mail of Midwinter {Will+ Str+3}
                  | (Okawaru gifted it to you on level 12 of the Dungeon)
 18614 | D:12     | Received a gift from Okawaru
 18939 | D:13     | Found a gate to the Vaults.
 19085 | D:8      | Bought the ring "Peob" {Str+3 Dex+3 SInv} for 484 gold
                  | pieces
 19310 | D:13     | Found a burning altar of Makhleb.
 19475 | D:13     | You are sucked into a shaft and drop 2 floors!
 19475 | D:15     | Entered Level 15 of the Dungeon
 19875 | D:15     | Found a staircase to the Depths.
 20529 | D:14     | Noticed Louise
 20530 | Arena    | Entered the Arena
 20542 | Arena    | Killed Louise
 20653 | D:14     | Noticed Snorg
 20666 | D:14     | Killed Snorg
 20667 | D:14     | Reached skill level 15 in Shields
 20671 | D:14     | Reached skill level 15 in Fighting
 20840 | D:14     | Identified the +0 leather armour of Winter {Str+4 Dex+2}
 20940 | D:14     | Found a runed translucent gate.
 20940 | D:14     | Found a runed translucent gate.
 20940 | D:14     | Found an ancient bone altar of Kikubaaqudgha.
 20940 | D:14     | Found a runed translucent gate.
 20940 | D:14     | Noticed a lich
 20940 | D:14     | Noticed Sauxt's ghost (journeyman GrEE)
 20940 | D:14     | Noticed a lich
 20940 | D:14     | Noticed a lich
 20940 | D:14     | Noticed a lich
 20982 | D:14     | Reached skill level 15 in Armour
 20982 | D:14     | Reached XP level 15. HP: 141/141 MP: 21/21
 21007 | D:14     | Identified the staff of death "Faiseip" {Contam rElec rC+
                  | rN+ MP+9}
 21270 | D:15     | Reached skill level 1 in Dodging
 21726 | Orc:1    | Entered Level 1 of the Orcish Mines
 21726 | Orc:1    | Noticed Urug
 21742 | Orc:1    | Killed Urug
 21742 | Orc:1    | Received a gift from Okawaru
 22057 | Orc:2    | Entered Level 2 of the Orcish Mines
 22198 | Orc:2    | Found Lawistra's General Store.
 22198 | Orc:2    | Found Udomeubioh's Distillery.
 22198 | Orc:2    | Found Paciloud's Assorted Antiques.
 22198 | Orc:2    | Found Raepozxib's Book Shoppe.
 22538 | Orc:2    | Found a staircase to the Elven Halls.
 22893 | Orc:2    | Identified the amulet of the Narrow Banana {Faith rPois
                  | Will+ Dex+3}
 22933 | Orc:2    | Received a gift from Okawaru
 23669 | Spider:1 | Entered Level 1 of the Spider Nest
 25140 | Spider:2 | Reached XP level 16. HP: 152/152 MP: 23/23
 25187 | Spider:2 | Identified the +2 pair of gloves "Ketzuc" {rPois Slay+4}
                  | (Okawaru gifted it to you on level 2 of the Spider Nest)
 25187 | Spider:2 | Received a gift from Okawaru
 26724 | Spider:3 | Reached skill level 5 in Dodging
 26785 | Spider:3 | Noticed Arachne
 26786 | Arena    | Entered the Arena
 26797 | Arena    | Killed Arachne
 27533 | Spider:3 | Received a gift from Okawaru
 27986 | Spider:4 | Entered Level 4 of the Spider Nest
 28028 | Spider:4 | Blown up by an orb spider

Illustrated notes

Levels and vault maps discovered:
D:1:      kennysheep_arrival_forest, layout_basic,
          shapermc_ecumenical_altar_hornbeckon, minmay_tall_x
D:2:      layout_basic, serial_glass, glass_columns_a, glass_columns_c,
          serial_shops, nicolae_shop_crystal
D:3:      layout_basic, hangedman_decor_opposing, uniq_terence, uniq_ijyb,
          uniq_jessica
D:4:      layout_loops_ring, mainiacjoe_overflow_small_starburst
D:5:      nicolae_cairo_tiling_large, layout_gridville, serial_shops,
          nicolae_lakefront_shop
D:6:      layout_basic, minmay_temple_entry_enclosed_plants, chequers_avenue,
          grunt_decor_resistance
D:7:      layout_basic, enter_bailey_2
D:8:      layout_loops_ring, dpeg_oklobed_lair, serial_shops,
          nicolae_shop_temple_entry_statues_fountains, uniq_pikel,
          uniq_gastronok
D:9:      layout_gridville, mainiacjoe_overflow_alcove_1, led_xom_imps
D:10:     layout_basic, david_orc_1_choice, st_stairs_14,
          minmay_sticks_and_stones
D:11:     layout_cave_pools
D:12:     layout_irregular_city
D:13:     layout_rooms, erik_vaults_1, david_defended_altar_orc
D:14:     layout_roguey, gammafunk_ghost_crypt, uniq_snorg, uniq_louise
D:15:     grunt_enter_depths_magical_seal, layout_basic
Temple:   nicolae_temple_bog_church
Lair:1:   layout_concentric_octagons, serial_rivers,
          chequers_serial_rivers_small_a, chequers_serial_rivers_large_a,
          chequers_serial_rivers_small_b, chequers_serial_rivers_micro_c,
          grunt_forest_small_clearing_treed, uniq_sonja, uniq_nergalle
Lair:2:   layout_regular_city, shoals_dummy_entry, ebering_ghost_disaster_area,
          enter_volcano_3, serial_bayou_lagoon_a
Lair:3:   layout_chaotic_city, nicolae_spider_entry_orb_guardian,
          cheibrodos_lair_caveside_slide, nzn_masters_of_martial_movement
Lair:4:   layout_hall_layers, minmay_slime_entry_pillars, serial_bayou_shore_a,
          grunt_megastairs_3
Lair:5:   hellmonk_lair_end_abyssal_woods, layout_cave_pods
Spider:1: layout_chambers, drop_trap
Spider:2: layout_chambers
Spider:3: layout_cave_pods, hangedman_spider_tarantella_strand, uniq_arachne
Spider:4: grunt_spider_rune_circles, uniq_aizul
Orc:1:    layout_diamond_mine, uniq_urug
Orc:2:    st_orc_open, layout_caves, minmay_orc_treasury

Skill      XL: |  1  2  3  4  5  6  7  8  9 10 11 12 13 14 15 16 |
---------------+-------------------------------------------------+-----
Axes           | 3 4 |  4.7
Fighting       | 4 5 6 7 8 9 10 11 13 15 16 17 | 17.4
Armour         | 4 5 6 7 8 9 10 11 12 15 16 17 | 17.3
Shields        | 4 5 6 7 8 9 10 11 13 15 16 | 16.1
Maces & Flails | 1 3 5 7 9 11 13 14 15 | 15.7
Invocations    | 2 4 5 7 8 9 10 11 12 | 12.0
Dodging        | 4 5 |  5.8

Action                     |  1- 3 |  4- 6 |  7- 9 | 10-12 | 13-15 | 16-18 || total
---------------------------+-------+-------+-------+-------+-------+-------++-------
  Melee: War axe           |    59 |    46 |       |       |       |       ||   105
         Headbutt          |     9 |     8 |    27 |    84 |   230 |    65 ||   423
         Morningstar       |       |    44 |   209 |   370 |  1020 |   229 ||  1872
         Demon whip        |       |       |       |    63 |       |       ||    63
  Throw: Throwing net      |       |       |     2 |       |       |       ||     2
 Invoke: Heroism           |       |       |     3 |     5 |     5 |       ||    13
         Finesse           |       |       |       |     2 |     3 |       ||     5
         Duel              |       |       |       |       |     1 |     1 ||     2
  Evoke: Wand              |       |       |       |     4 |     8 |       ||    12
    Use: Potion            |       |     1 |       |       |     2 |     1 ||     4
         Scroll            |       |       |    13 |    11 |     7 |     2 ||    33
 Armour: Scale mail        |    19 |    15 |       |    63 |    80 |       ||   177
         Chain mail        |       |    28 |    28 |       |    83 |       ||   139
         Plate armour      |       |       |    72 |       |       |       ||    72
         Crystal plate arm |       |       |     6 |    95 |   198 |   140 ||   439
  Dodge: Dodged            |    27 |    39 |   150 |   155 |   242 |    76 ||   689
  Block: Buckler           |    10 |    25 |    70 |   206 |   246 |       ||   557
         Reflection        |       |       |       |     3 |    22 |       ||    25
         Tower shield      |       |       |       |       |   587 |   279 ||   866

Table legend: (Time is in decaauts)
 A = Elapsed time spent in this place.
 B = Non-inter-level travel time spent in this place.
 C = Inter-level travel time spent in this place.
 D = Time resting spent in this place.
 E = Time spent auto-exploring this place.
 F = Levels seen in this place.
 G = Mean time per level.
                   A        B        C        D        E       F      G
               +--------+--------+--------+--------+--------+-----+--------+
         Total |  27861 |  25839 |   2022 |   2330 |  18748 |  31 |  898.7 |
       Dungeon |  13005 |  11703 |   1302 |    761 |   8855 |  15 |  867.0 |
        Temple |    268 |    224 |     44 |      0 |    204 |   1 |  268.0 |
          Lair |   6390 |   5921 |    469 |    644 |   4417 |   5 | 1278.0 |
   Spider Nest |   4317 |   4179 |    138 |    192 |   3385 |   4 | 1079.2 |
  Orcish Mines |   1740 |   1673 |     67 |    205 |    845 |   2 |  870.0 |
        Bailey |   1199 |   1199 |      0 |    522 |    316 |   1 | 1199.0 |
       Volcano |    903 |    903 |      0 |      0 |    725 |   1 |  903.0 |
         Arena |     37 |     37 |      0 |      5 |      0 |   2 |   18.5 |
               +--------+--------+--------+--------+--------+-----+--------+

Top non-repeatable levels by time:
  Lair:5: 1988 daAuts
Spider:2: 1555 daAuts
  Lair:2: 1373 daAuts
Spider:1: 1364 daAuts
Spider:3: 1356 daAuts
   Orc:2: 1345 daAuts
  Lair:3: 1215 daAuts
  Bailey: 1199 daAuts
     D:6: 1167 daAuts
     D:8: 1125 daAuts
    D:10: 1084 daAuts
    D:15: 1038 daAuts
  Lair:1: 1024 daAuts
    D:12: 1014 daAuts
     D:9: 969 daAuts
